 Dungeon Crawl Stone Soup version 0.28-a0-1447-ga5a8893891 (webtiles) character file.

Game seed: 16554474625023378338

1381 octoduck the Gusty (level 8, 0/57 HPs)
             Began as a Red Draconian Air Elementalist on Jan 12, 2022.
             Killed by their own static electricity (2 damage)
             ... on level 5 of the Dungeon.
             The game lasted 00:28:09 (9067 turns).

octoduck the Gusty (Red Draconian Air Elementalist) Turns: 9067, Time: 00:28:12

Health: 0/57       AC: 12    Str: 10    XL:     8   Next: 39%
Magic:  5/11       EV: 12    Int: 18    God:
Gold:   279        SH:  0    Dex: 12    Spells: 5/11 levels left

rFire   + . .      SeeInvis +   f - +3 whip (venom)
rCold   . . .      Faith    .   (no shield)
rNeg    . . .      Spirit   .   (armour unavailable)
rPois   .          Reflect  .   (helmet restricted)
rElec   .          Harm     .   (no cloak)
rCorr   .          Rampage  .   h - +1 pair of gloves {infuse}
Will    .....                   (no boots)
Stlth   ++........              (no amulet)
HPRegen 0.19/turn               a - +4 ring of protection
MPRegen 0.12/turn               g - ring of see invisible

@: no status effects
A: breathe fire, AC +6, unfitting armour, fire resistance 1, cold-blooded
a: Breathe Fire


You were on level 5 of the Dungeon.
You visited 2 branches of the dungeon, and saw 6 of its levels.
You also visited: Ossuary.

You collected 315 gold pieces.
You spent 36 gold pieces at shops.

Inventory:

Hand Weapons
 f - a +3 whip of venom (weapon)
Armour
 d - an orb of mayhem
 h - a +1 pair of gloves of infusion (worn)
Jewellery
 a - a +4 ring of protection (left hand)
 g - a ring of see invisible (right hand)
 m - a +4 ring of slaying
Wands
 i - a wand of polymorph (6)
Scrolls
 b - a scroll of fear
 c - 2 scrolls of enchant armour
 p - a scroll of amnesia
 s - 2 scrolls of enchant weapon
Potions
 j - 4 potions of magic {unknown}
 k - 2 potions of heal wounds {unknown}
 l - a potion of curing
 n - a potion of mutation {unknown}
 o - a potion of attraction {unknown}
 q - 2 potions of degeneration {unknown}
 t - a potion of ambrosia {unknown}
 u - a potion of might {unknown}


   Skills:
 - Level 1.7 Dodging
 - Level 1.7 Stealth
 - Level 2.0 Spellcasting
 + Level 7.3 Conjurations
 + Level 7.9 Air Magic


You had 5 spell levels left.
You knew the following spells:

 Your Spells              Type           Power      Damage    Failure   Level
a - Shock                 Conj/Air       100%       1d9       1%          1
b - Static Discharge      Conj/Air       29%        N/A       1%          2
c - Swiftness             Air            30%        N/A       1%          3

Your spell library contained the following spells:

 Spells                   Type           Power      Damage    Failure   Level
 Airstrike                Air            15%        N/A       7%          4
 Animate Skeleton         Necr           2%         N/A       19%         1
 Apportation              Tloc           2%         N/A       19%         1
 Summon Small Mammal      Summ           4%         N/A       19%         1
 Lightning Bolt           Conj/Air       14%        1d28      22%         5
 Sublimation of Blood     Necr           1%         N/A       26%         2
 Gell's Gravitas          Tloc           1%         N/A       47%         3
 Lesser Beckoning         Tloc           1%         N/A       47%         3
 Teleport Other           Tloc           1%         N/A       47%         3
 Irradiate                Conj/Tmut      7%         3d16      73%         5
 Petrify                  Tmut/Erth      1%         N/A       87%         4
 Maxwell's Capacitive Co  Air            15%        ∞         100%        8


Dungeon Overview and Level Annotations

Branches:
Dungeon (5/15)             Temple (1/1) D:5         Ossuary (visited)

Altars:
Dithmenos
Elyvilon
Fedhas
Gozag
Hepliaklqana
Kikubaaqudgha
Makhleb
Nemelex Xobeh
Okawaru
Ru
Trog
Uskayaw
Wu Jian
Xom
Yredelemnul
Zin
The Shining One

Shops:
D:2 *   D:4 *

Annotations:
D:2 1 runed translucent door, Crazy Yiuf


Innate Abilities, Weirdness & Mutations

You can breathe blasts of fire.
Your fiery red scales are hard. (AC +6)
You cannot fit into any form of body armour.
Your flesh is heat resistant. (rF+)
You are cold-blooded and may be slowed by cold attacks.


Message History

Casting: Shock (safe; 1% risk of failure)
Confirm with . or Enter, or press ? or * to list all spells.
The orc priest is struck by an arc of lightning.
The orc priest is severely wounded.
You are struck by an arc of lightning.
The lightning grounds out.
The orc priest is struck by an arc of lightning.
The orc priest is moderately wounded.
You are struck by an arc of lightning.
The lightning grounds out.
The orc priest mumbles some strange prayers to Beogh against you.
Pain shoots through your body!
The orc priest hits you but does no damage.
The orc priest mumbles some strange prayers to Beogh against you.
Pain shoots through your body!
The orc priest hits you but does no damage.
Unknown command.
Casting: Static Discharge (safe; 1% risk of failure)
Confirm with . or Enter, or press ? or * to list all spells.
The orc priest is struck by an arc of lightning!
You kill the orc priest!
The lightning grounds out.
The orc priest invokes the aid of Beogh against you.
Beogh smites you!
* * * LOW HITPOINT WARNING * * *
The orc priest closely misses you.
The orc priest invokes the aid of Beogh against you.
Beogh smites you!
* * * LOW HITPOINT WARNING * * *
Casting: Static Discharge (safe; 1% risk of failure)
Confirm with . or Enter, or press ? or * to list all spells.
The orc priest is struck by an arc of lightning!
The orc priest is heavily wounded.
You are struck by an arc of lightning.
* * * LOW HITPOINT WARNING * * *
The orc priest is struck by an arc of lightning!
The orc priest is almost dead.
The lightning grounds out.
The orc priest is struck by an arc of lightning!
The orc priest is severely wounded.
You are struck by an arc of lightning.
You die...

#.#########
#.....o@..#
#.######o## #.#
#.# #.# #.# #.#
#.# #.# #.# #.#
#.#
#######.######.#
...............#


You could see 2 orc priests.

Vanquished Creatures
  2 centaur zombies (D:5)
  An ice beast (D:5)
  A hornet zombie (D:5)
  A phantom (D:4)
  A centaur (D:5)
  A scorpion (D:4)
  An orc priest (D:5)
  Jessica (D:2)
  Terence (D:3)
  2 iguanas (D:5)
  3 orc wizards
  Natasha (thrice) (D:3)
  A hound zombie (D:5)
  2 mummies
  7 gnolls
  7 adders
  A worm (D:3)
  A dart slug (D:3)
  16 orcs
  2 spectral bats (Ossuary)
  5 ball pythons
  8 endoplasms
  5 giant cockroaches
  12 goblins
  6 hobgoblins
  3 jackals (D:1)
  5 kobolds
  7 quokkas
  6 bats
  4 bat simulacra (Ossuary)
  4 frilled lizards
  12 gnoll zombies (Ossuary)
  3 goblin simulacra (Ossuary)
  5 goblin zombies (Ossuary)
  6 hobgoblin zombies
  2 kobold simulacra (Ossuary)
  5 kobold zombies
  4 orc zombies (Ossuary)
  4 rats
  2 rat simulacra (Ossuary)
  5 spectral goblins (Ossuary)
  6 spectral kobolds (Ossuary)
174 creatures vanquished.

Notes
Turn   | Place    | Note
-------+----------+-------------------------------------------
     0 | D:1      | octoduck the Draconian Air Elementalist began the quest for
                  | the Orb.
     0 | D:1      | Reached XP level 1. HP: 14/14 MP: 3/3
   471 | D:1      | Reached XP level 2. HP: 20/20 MP: 1/5
  1207 | D:1      | Reached XP level 3. HP: 26/26 MP: 4/6
  1318 | D:1      | Learned a level 2 spell: Static Discharge
  1342 | D:2      | Found a glowing golden altar of the Shining One.
  1385 | D:2      | Noticed Jessica
  2132 | D:2      | Found Uce Jah's General Store.
  2314 | D:2      | Reached XP level 4. HP: 33/33 MP: 2/7
  2460 | D:2      | Killed Jessica
  2573 | D:2      | Found a runed translucent door.
  2574 | D:2      | Noticed Crazy Yiuf
  3138 | D:3      | Found a faded altar of an unknown god.
  3246 | D:3      | Noticed Terence
  3530 | D:3      | Noticed Natasha
  3540 | D:3      | Killed Natasha
  3541 | D:3      | Reached XP level 5. HP: 32/38 MP: 1/8
  3899 | D:3      | Reached skill level 5 in Air Magic
  3923 | D:3      | Noticed Natasha
  3929 | D:3      | Killed Natasha
  4043 | D:3      | Reached XP level 6. HP: 39/45 MP: 0/9
  4317 | D:3      | Killed Terence
  4503 | D:3      | Noticed Natasha
  4508 | D:3      | Killed Natasha
  4977 | D:4      | Found Ezurokho's General Store.
  4987 | D:4      | Bought a potion of curing for 36 gold pieces
  5191 | D:4      | Found a sand-covered staircase.
  5203 | Ossuary  | Entered an ossuary
  5407 | Ossuary  | Reached skill level 5 in Conjurations
  5533 | Ossuary  | Learned a level 3 spell: Swiftness
  6664 | D:4      | Your scales start taking on a fiery red colour.
  6664 | D:4      | Reached XP level 7. HP: 45/50 MP: 6/10
  6664 | D:4      | Gained mutation: Your flesh is heat resistant. (rF+) [Red
                  | Draconian growth]
  6823 | D:4      | Found a burning altar of Makhleb.
  7267 | D:5      | Entered Level 5 of the Dungeon
  7283 | D:5      | Noticed a two-headed ogre
  7296 | D:5      | Found a staircase to the Ecumenical Temple.
  7301 | D:5      | Noticed a glowing shapeshifter
  7301 | D:5      | a two-headed ogre changed into a glowing shapeshifter
  7302 | D:5      | Noticed a snapping turtle
  7302 | D:5      | a glowing shapeshifter changed into a snapping turtle
  7332 | D:5      | Noticed a wolf spider
  7332 | D:5      | a snapping turtle changed into a wolf spider
  7642 | Temple   | Entered the Ecumenical Temple
  7766 | D:5      | Found a blossoming altar of Fedhas.
  8026 | D:5      | Reached XP level 8. HP: 25/57 MP: 3/11
  8211 | D:5      | Noticed a bunyip
  8338 | D:5      | Noticed a sea snake
  8338 | D:5      | Noticed a faun
  8338 | D:5      | a sea snake changed into a faun
  8430 | D:5      | Found a basalt altar of Yredelemnul.
  8924 | D:5      | Found a sacrificial altar of Ru.
  9067 | D:5      | HP: 2/57 [/static electricity (3)]
  9067 | D:5      | Killed from afar by themself

Illustrated notes

Levels and vault maps discovered:
D:1:      dpeg_arrival_renting, layout_basic
D:2:      wander_river, layout_loops_cross, serial_shops, shop, basic_altar,
          minmay_quantized, uniq_crazy_yiuf_cottage, uniq_jessica
D:3:      layout_basic, hellmonk_ecumenical_altar_pennies_from_heaven,
          uniq_natasha, uniq_terence
D:4:      layout_basic, amcnicky_altar_gilded, serial_shops,
          nicolae_shop_waterfront, nicolae_ossuary_entry_giza,
          roderic_roman_lattice, minmay_misc_feat_chi
D:5:      layout_basic, mainiacjoe_overflow_small_starburst,
          lemuel_zombie_altar_yredelemnul, fedhas_bush_and_centaur_altar,
          minmay_temple_entry_mist, chequers_avenue, skrybe_limestone_x,
          uniq_duvessa
Temple:   cyrus_circular_temple

Skill      XL: |  1  2  3  4  5  6  7  8 |
---------------+-------------------------+-----
Conjurations   | 2 3 4 5 6 7 |  7.3
Air Magic      | 4 5 6 7 |  7.9
Dodging        | |  1.7
Stealth        | |  1.7
Spellcasting   | |  2.0

Action                   |  1- 3 |  4- 6 |  7- 9 || total
-------------------------+-------+-------+-------++-------
Melee: Short sword       |    30 |   149 |       ||   179
       Unarmed           |     3 |       |       ||     3
       Tailslap          |     6 |    18 |    10 ||    34
       Whip              |       |     3 |    59 ||    62
       Punch             |       |     3 |       ||     3
 Cast: Shock             |    65 |    63 |    25 ||   153
       Static Discharge  |       |    36 |    14 ||    50
 Abil: Breathe Fire      |       |       |     3 ||     3
Evoke: Wand              |       |       |     1 ||     1
  Use: Scroll            |     2 |     5 |       ||     7
 Stab: Sleeping          |     1 |     5 |     2 ||     8
Armor: Skin              |    13 |    85 |    55 ||   153
Dodge: Dodged            |    33 |   128 |    69 ||   230

Table legend: (Time is in decaauts)
 A = Elapsed time spent in this place.
 B = Non-inter-level travel time spent in this place.
 C = Inter-level travel time spent in this place.
 D = Time resting spent in this place.
 E = Time spent auto-exploring this place.
 F = Levels seen in this place.
 G = Mean time per level.
                   A        B        C        D        E       F      G
               +--------+--------+--------+--------+--------+-----+--------+
         Total |   9136 |   8389 |    747 |   3734 |   2523 |   7 | 1305.1 |
       Dungeon |   7789 |   7050 |    739 |   2907 |   2465 |   5 | 1557.8 |
        Temple |     59 |     51 |      8 |      0 |     42 |   1 |   59.0 |
       Ossuary |   1286 |   1286 |      0 |    827 |     16 |   1 | 1286.0 |
               +--------+--------+--------+--------+--------+-----+--------+

Top non-repeatable levels by time:
     D:3: 1768 daAuts
     D:1: 1614 daAuts
     D:4: 1601 daAuts
     D:5: 1531 daAuts
 Ossuary: 1286 daAuts
     D:2: 1272 daAuts
  Temple: 59 daAuts
